 Dungeon Crawl Stone Soup version 0.31.0-9-g3a7656b989 (webtiles) character file.

Game seed: 15111602669144140714

450 qw the Skirmisher (level 6, 0/35 HPs)
             Began as a Deep Elf Hunter on Feb 2, 2024.
             Was an Initiate of Okawaru.
             Slain by Edmund
             ... wielding a +4 flail of protection
              (3 damage)
             ... on level 4 of the Dungeon.
             The game lasted 00:00:08 (2256 turns).

qw the Skirmisher (Deep Elf Hunter)                 Turns: 2256, Time: 00:00:09

Health: 0/35       AC:  8    Str: 10    XL:     6   Next: 74%
Magic:  8/8        EV: 11    Int: 14    God:    Okawaru [......]
Gold:   131        SH:  0    Dex: 18    Spells: 5/5 levels left

rFire   . . .        a - +4 shortbow
rCold   . . .        (shield currently unavailable)
rNeg    . . .        d - +1 ring mail
rPois   .            g - +0 helmet
rElec   .            (no cloak)
rCorr   .            (no gloves)
SInv    .            k - +0 pair of boots
Will    .....        (no amulet)
Stlth   +            (no ring)
HPRegen 0.25/turn    (no ring)
MPRegen 0.11/turn

%: no passive effects
@: about to teleport
A: no striking features
a: Renounce Religion


You were on level 4 of the Dungeon.
You worshipped Okawaru.
Okawaru was noncommittal.
You visited 2 branches of the dungeon, and saw 5 of its levels.

You collected 236 gold pieces.
You spent 105 gold pieces at shops.


   Skills:
 - Level 2.0 Fighting
 - Level 10.0 Ranged Weapons
 - Level 1.6 Armour
 + Level 2.4 Dodging
 - Level 1.2 Stealth


You had 5 spell levels left.
You didn't know any spells.
Your spell library was empty.

Inventory:

Hand Weapons
 a - a +4 shortbow (weapon)
Armour
 d - a +1 ring mail (worn)
 g - a +0 helmet (worn)
 k - a +0 pair of boots (worn)
Scrolls
 h - a scroll of identify
Potions
 c - a potion of heal wounds
 e - a potion of enlightenment
 f - a potion of mutation {unknown}
 i - a potion of resistance
 j - a potion of degeneration {unknown}
 l - a potion of brilliance {unknown}

Dungeon Overview and Level Annotations

Branches:
Dungeon (4/15)             Temple (1/1) D:4

Altars:
Ashenzari
Cheibriados
Dithmenos
Gozag
Hepliaklqana
Kikubaaqudgha
Makhleb
Okawaru
Qazlal
Ru
Sif Muna
Trog
Uskayaw
Xom
The Shining One

Shops:
D:1 (   D:3 *

Annotations:
D:4 Edmund


Message History

You shoot an arrow. The arrow hits Edmund.
Edmund is lightly wounded.
You shoot an arrow.
The arrow hits Edmund but does no damage.
Edmund is lightly wounded.
You shoot an arrow. The arrow hits Edmund.
Edmund is moderately wounded.
You shoot an arrow. The arrow hits Edmund!
Edmund is heavily wounded.
You shoot an arrow. The arrow barely misses Edmund.
Edmund hits you with a +4 flail of protection.
You shoot an arrow.
The arrow hits Edmund but does no damage.
Edmund is heavily wounded.
Edmund hits you with a +4 flail of protection.
You shoot an arrow. The arrow hits Edmund!
Edmund is severely wounded.
Edmund hits you with a +4 flail of protection.
You shoot an arrow. The arrow hits Edmund!
Edmund is severely wounded.
Edmund says, "People accused me of being a cutpurse!"
Edmund hits you but does no damage.
You shoot an arrow. The arrow barely misses Edmund.
Edmund says, "I'm quite good with sums, too."
Edmund hits you with a +4 flail of protection.
You shoot an arrow. The arrow barely misses Edmund.
Edmund hits you with a +4 flail of protection.
You shoot an arrow. The arrow hits Edmund.
Edmund is almost dead.
Edmund hits you with a +4 flail of protection.
You shoot an arrow.
The arrow hits Edmund but does no damage.
Edmund is almost dead.
Edmund hits you with a +4 flail of protection.
2256 ||| READING scroll of teleportation.
As you read the scroll of teleportation, it crumbles to dust.
You feel strangely unstable.
Edmund hits you with a +4 flail of protection.
You die...
Edmund says, "I'd like to see a scythe do that!"

... ### ...
..# #.# #.#
#.# #.# #.#
###### #.#
#.#
#.###.....
#.# #.#
#.#...####
#@###.#
#.#.###
#@.##.# #...#
##.##.###.###
#....#...#
####..##..##
#.........>#
#.##.....#..#
..
#..#.###...#
#. #..#.#
##.... #
#..#.# ###..


You could see Edmund.

Vanquished Creatures
  Grinder (D:3)
  An ogre (D:4)
  A bombardier beetle (D:3)
  Jessica (D:3)
  Robin (D:3)
  3 adders
  3 gnolls (D:4)
  3 orcs
  4 endoplasms
  2 giant cockroaches
  14 goblins
  5 hobgoblins
  2 kobolds
  5 ball pythons
  4 bats
  2 frilled lizards (D:1)
  5 rats
57 creatures vanquished.

Notes
Turn   | Place    | Note
-------+----------+-------------------------------------------
     0 | D:1      | qw the Deep Elf Hunter began the quest for the Orb.
     0 | D:1      | Reached XP level 1. HP: 12/12 MP: 3/3
     0 | D:1      | 0 ||| qw: Version: 0.3-a-155-g5e7d8dd
     0 | D:1      | 0 ||| qw: Game counter: 535
     0 | D:1      | 0 ||| qw: Melee chars always use a shield: true
     0 | D:1      | 0 ||| qw: God list: Okawaru
     0 | D:1      | 0 ||| qw: Allow faded altars: false
     0 | D:1      | 0 ||| qw: Do Orc after clearing Dungeon:15 true
     0 | D:1      | 0 ||| qw: Do second Lair branch before Depths: true
     0 | D:1      | 0 ||| qw: Lair rune preference: random
     0 | D:1      | 0 ||| qw: Goals: Normal
     0 | D:1      | 0 ||| PLANNING D:1-11
   341 | D:1      | Found Gavut's Weapon Emporium.
   567 | D:1      | 567 ||| UPGRADING to +0 ring mail.
   577 | D:1      | 577 ||| DROPPING +0 leather armour.
   578 | D:1      | 578 ||| READING scroll labelled FOEHIF EMUAGOPTI.
   579 | D:1      | 579 ||| READING 3 scrolls labelled QINIGOTZUNG.
   579 | D:1      | 579 ||| IDENTIFYING viscous amethyst potion
   580 | D:1      | 580 ||| READING 2 scrolls of identify.
   580 | D:1      | 580 ||| IDENTIFYING silvery potion
   581 | D:1      | 581 ||| READING scroll of identify.
   581 | D:1      | 581 ||| IDENTIFYING scroll labelled AFUVOSUELO
   582 | D:1      | 582 ||| READING scroll labelled VUASET HEGH.
   586 | D:1      | 586 ||| DROPPING scroll of butterflies.
   587 | D:1      | 587 ||| DROPPING scroll of summoning.
   635 | D:2      | Reached skill level 6 in Ranged Weapons
   635 | D:2      | Reached XP level 2. HP: 16/16 MP: 4/4
   848 | D:2      | Reached XP level 3. HP: 20/20 MP: 5/5
  1057 | D:2      | HP: 5/20 [poisoned by an adder]
  1058 | D:2      | 1058 ||| DRINKING 2 potions of heal wounds.
  1110 | D:2      | 1110 ||| READING scroll of identify.
  1110 | D:2      | 1110 ||| IDENTIFYING brown potion
  1111 | D:2      | 1111 ||| READING 4 scrolls labelled KAIRIYRIYX.
  1111 | D:2      | 1111 ||| ENCHANTING +0 shortbow.
  1112 | D:2      | 1112 ||| READING 3 scrolls of enchant weapon.
  1112 | D:2      | 1112 ||| ENCHANTING +1 shortbow.
  1113 | D:2      | 1113 ||| READING 2 scrolls of enchant weapon.
  1113 | D:2      | 1113 ||| ENCHANTING +2 shortbow.
  1114 | D:2      | 1114 ||| READING scroll of enchant weapon.
  1114 | D:2      | 1114 ||| ENCHANTING +3 shortbow.
  1115 | D:2      | 1115 ||| DRINKING 2 cyan potions.
  1160 | D:2      | 1160 ||| DROPPING potion of lignification.
  1170 | D:3      | Reached skill level 7 in Ranged Weapons
  1254 | D:3      | Found Gugaph's General Store.
  1321 | D:3      | 1321 ||| BUYING scroll of enchant armour (105 gold).
  1321 | D:3      | Bought a scroll of enchant armour for 105 gold pieces
  1321 | D:3      | 1321 ||| SHOPLISTING scroll of enchant armour (105 gold,
                  | have 26).
  1321 | D:3      | 1321 ||| SHOPLISTING scroll of teleportation (42 gold, have
                  | 26).
  1321 | D:3      | 1321 ||| READING scroll of enchant armour.
  1321 | D:3      | 1321 ||| ENCHANTING +0 ring mail.
  1361 | D:3      | Noticed Robin
  1370 | D:3      | HP: 5/20 [Robin/+0 falchion (3)]
  1371 | D:3      | 1371 ||| READING 2 scrolls of teleportation.
  1372 | D:3      | 1372 ||| DRINKING potion of heal wounds.
  1383 | D:3      | Reached XP level 4. HP: 20/25 MP: 6/6
  1491 | D:3      | Killed Robin
  1492 | D:3      | Reached skill level 8 in Ranged Weapons
  1558 | D:3      | Noticed Jessica
  1560 | D:3      | Killed Jessica
  1561 | D:3      | Reached XP level 5. HP: 29/29 MP: 7/7
  1663 | D:3      | Noticed Grinder
  1669 | D:3      | Paralysed by Grinder for 4 turns
  1675 | D:3      | Killed Grinder
  1676 | D:3      | Reached skill level 10 in Ranged Weapons
  1676 | D:3      | Reached XP level 6. HP: 9/34 MP: 8/8
  1899 | D:3      | 1899 ||| UPGRADING to +0 helmet.
  1904 | D:3      | 1904 ||| UPGRADING to +0 pair of boots.
  1909 | D:3      | 1909 ||| READING scroll labelled RUIHUX NODE.
  1910 | D:3      | 1910 ||| DRINKING 2 murky cyan potions.
  1911 | D:3      | 1911 ||| DROPPING potion of attraction.
  1933 | D:4      | Found a staircase to the Ecumenical Temple.
  1934 | D:4      | 1934 ||| PLANNING TEMPLE
  1944 | Temple   | Entered the Ecumenical Temple
  1945 | Temple   | 1945 ||| PLANNING OKAWARU WORSHIP
  1953 | Temple   | Became a worshipper of Warmaster Okawaru
  1954 | Temple   | 1954 ||| PLANNING D:1-11
  2015 | D:4      | 2015 ||| FLEEEEING.
  2016 | D:4      | 2016 ||| FLEEEEING.
  2017 | D:4      | 2017 ||| FLEEEEING.
  2018 | D:4      | 2018 ||| FLEEEEING.
  2019 | D:4      | 2019 ||| FLEEEEING.
  2182 | D:4      | Reached skill level 1 in Armour
  2242 | D:4      | Noticed Edmund
  2255 | D:4      | HP: 3/35 [Edmund/+4 flail of protection (6)]
  2256 | D:4      | 2256 ||| READING scroll of teleportation.
  2256 | D:4      | Slain by Edmund

Levels and vault maps discovered:
D:1:      moated_graveyard_arrival, layout_basic, serial_shops, shop
D:2:      layout_basic, minmay_hexomino_f4
D:3:      layout_loops_ring, serial_shops, nicolae_shop_waterfront,
          uniq_grinder, uniq_jessica, uniq_robin
D:4:      layout_rooms, minmay_temple_entry_mini_moons, moated_statue,
          uniq_edmund
Temple:   nicolae_temple_no_exploring_needed

Skill      XL: |  1  2  3  4  5  6 |
---------------+-------------------+-----
Ranged Weapons | 6 7 8 10 | 10.0
Fighting       | 2 |  2.0
Armour         | 1 |  1.6
Dodging        | |  2.4
Stealth        | |  1.2

Action                     |  1- 3 |  4- 6 || total
---------------------------+-------+-------++-------
   Fire: Shortbow          |   101 |    61 ||   162
    Use: Scroll            |    12 |     2 ||    14
         Potion            |     3 |     1 ||     4
 Armour: Ring mail         |    44 |    24 ||    68
  Dodge: Dodged            |    44 |     2 ||    46

Table legend:
 A = Non-vault XP
 B = Vault XP
 C = Vault XP percentage of total XP
 D = Non-vault monster count
 E = Vault monster count
 F = Vault count percentage of total count
                 A         B        C        D         E       F
            +---------+---------+-------+---------+---------+-------
      Total |     291 |     353 |  54.8 |      39 |      18 |  31.6
            +---------+---------+-------+---------+---------+-------
        D:1 |      11 |       0 |   0.0 |       7 |       0 |   0.0
        D:2 |      33 |      18 |  35.3 |      13 |       4 |  23.5
        D:3 |      81 |     335 |  80.5 |      13 |      14 |  51.9
        D:4 |     166 |       0 |   0.0 |       6 |       0 |   0.0
            +---------+---------+-------+---------+---------+-------
